 Dungeon Crawl Stone Soup version 0.29-a0-334-gb41bcbb86e (webtiles) character file.

Game seed: 8421800712487795613

91 sammy202020 the Skirmisher (level 4, -4/55 HPs)
             Began as a Demonspawn Berserker on Apr 16, 2022.
             Was a Believer of Trog.
             Killed by divine providence
             ... invoked by an orc priest
              (16 damage)
             ... on level 3 of the Dungeon.
             The game lasted 00:03:09 (2935 turns).

sammy202020 the Skirmisher (Demonspawn Berserker)   Turns: 2935, Time: 00:03:09

Health: -4/55      AC:  8    Str: 17    XL:     4   Next: 33%
Magic:  4/4        EV:  7    Int: 10    God:    Trog [**....]
Gold:   91         SH:  0    Dex: 13    Spells: 3/3 levels left

rFire   . . .      SeeInvis .   i - +1 hand axe (vamp)
rCold   . . .      Faith    .   (no shield)
rNeg    . . .      Spirit   .   d - +0 chain mail
rPois   .          Reflect  .   (no helmet)
rElec   .          Harm     .   (no cloak)
rCorr   .          Rampage  .   (no gloves)
Will    .....                   (no boots)
Stlth   ..........              m - amulet of magic regeneration
HPRegen 0.18/turn               (no ring)
MPRegen 0.58/turn               (no ring)

@: berserking, very quick
A: magic regeneration
a: Renounce Religion, Berserk, Trog's Hand


You were on level 3 of the Dungeon.
You worshipped Trog.
Trog was pleased with you.
You visited 1 branch of the dungeon, and saw 3 of its levels.

You collected 91 gold pieces.

Inventory:

Hand Weapons
 b - a +0 hunting sling
 i - a +1 vampiric hand axe (weapon)
 o - a +0 mace
 q - a +0 war axe
Missiles
 j - 3 javelins (quivered)
Armour
 d - a +0 chain mail (worn)
Jewellery
 m - an amulet of magic regeneration (around neck)
Wands
 u - a wand of flame (22)
Scrolls
 g - 3 scrolls of fog
 l - a scroll of magic mapping
 r - 2 scrolls of identify
 s - a scroll of blinking {unknown}
 t - a scroll of holy word {unknown}
Potions
 a - 2 potions of invisibility {unknown}
 c - a potion of attraction {unknown}
 e - 2 potions of flight {unknown}
 f - 2 potions of heal wounds {unknown}
 h - a potion of degeneration {unknown}
 k - a potion of resistance {unknown}
 n - 4 potions of curing
 p - 3 potions of mutation {unknown}


   Skills:
 * Level 3.9 Fighting
 * Level 3.7 Axes
 + Level 2.3 Armour
 - Level 1.7 Dodging


You had 3 spell levels left.
You didn't know any spells.
Your spell library was empty.

Dungeon Overview and Level Annotations

Branches:
Dungeon (3/15)

Altars:


Innate Abilities, Weirdness & Mutations

You regenerate magic rapidly.


Message History

The orc is heavily wounded.
You hit the orc priest.
You feel better.
The orc hits you with a +1 hand axe of freezing!
The orc freezes you.
You barely miss the orc.
The orc is moderately wounded.
You hit the orc priest. The orc hits you but does no damage.
The orc priest calls upon Beogh to heal the orc.
The orc's wounds heal themselves!
You barely miss the orc priest.
The orc priest is moderately wounded.
You hit the orc.
You feel better.
You hit the orc.
You kill the orc!
Trog accepts your kill.
You hit the orc priest.
The orc priest hits you with a +0 hand axe.
The orc priest mumbles some strange prayers to Beogh against you.
Pain shoots through your body!
* * * LOW HITPOINT WARNING * * *
You are too injured to fight recklessly!
A red film seems to cover your vision as you go berserk!
You feel yourself moving faster!
You feel mighty!
The orc wizard hits you but does no damage.
You miss the orc wizard. You barely miss the orc.
You barely miss the orc priest. You barely miss the orc.
You hit the orc wizard.
You feel better.
You hit the orc priest.
You feel better.
The orc priest hits you with a +0 hand axe.
* * * LOW HITPOINT WARNING * * *
The orc hits you but does no damage.
The orc wizard points at you and mumbles some strange words.
The magic dart hits you.
* * * LOW HITPOINT WARNING * * *
You closely miss the orc priest.
The orc priest is severely wounded.
You closely miss the orc wizard. You hit the orc.
You feel better.
The orc priest calls down the wrath of Beogh upon you.
Beogh smites you!
You die...

..........###....#
...#####.#.#.###.#
.....# #.##.## #.#
...#># #.#..# #.#
#.##.###.#.## #.###
.(##....#..#####...#
######.###....)....#
##.#..#####...#
##.#.# #@o## ###.#
#oo# #.# #o.# #.#
#..# #.# #..#
##########.# #..#
(..........# #..#
##########.# #..# #
#.#


You could see an orc priest, an orc wizard and 2 orcs.

Vanquished Creatures
  2 adders
  2 worms
  A dart slug (D:2)
  An orc (D:3)
  7 ball pythons
  4 bats
  11 endoplasms
  2 giant cockroaches (D:2)
  3 goblins (D:2)
  8 hobgoblins
  3 jackals (D:1)
  A quokka (D:2)
  4 frilled lizards
  2 kobolds
  6 rats
57 creatures vanquished.

Notes
Turn   | Place    | Note
-------+----------+-------------------------------------------
     0 | D:1      | sammy202020 the Demonspawn Berserker began the quest for
                  | the Orb.
     0 | D:1      | Reached XP level 1. HP: 18/18 MP: 1/1
   229 | D:1      | Gained mutation: You regenerate magic rapidly. [demonic
                  | ancestry]
   229 | D:1      | Reached XP level 2. HP: 11/24 MP: 2/2
  1455 | D:2      | Reached XP level 3. HP: 26/29 MP: 3/3
  1614 | D:2      | Reached ** piety under Trog
  2438 | D:3      | Reached XP level 4. HP: 37/37 MP: 4/4
  2935 | D:3      | Killed from afar by an orc priest

Illustrated notes

Levels and vault maps discovered:
D:1:      amcnicky_arrival_flooded_fountain, layout_basic, nrook_mini_backslash,
          corexii_leaking_fountain
D:2:      layout_loops_cross, minmay_quadrilaterals
D:3:      layout_loops_ring

Skill      XL: |  1  2 |
---------------+-------+-----
Axes           | 3 |  3.7
Armour         | 2 |  2.3
Fighting       | |  3.9
Dodging        | |  1.7

Action                   |  1- 3 |  4- 6 || total
-------------------------+-------+-------++-------
Melee: Hand axe          |   134 |    47 ||   181
       Punch             |     4 |       ||     4
Invok: Berserk           |       |     1 ||     1
  Use: Scroll            |     8 |       ||     8
 Stab: Sleeping          |     2 |       ||     2
       Distracted        |     1 |       ||     1
Armor: Animal skin       |     4 |       ||     4
       Chain mail        |    57 |    32 ||    89
       Ring mail         |     3 |       ||     3
Dodge: Dodged            |    63 |    15 ||    78

Table legend: (Time is in decaauts)
 A = Elapsed time spent in this place.
 B = Non-inter-level travel time spent in this place.
 C = Inter-level travel time spent in this place.
 D = Time resting spent in this place.
 E = Time spent auto-exploring this place.
 F = Levels seen in this place.
 G = Mean time per level.
                   A        B        C        D        E       F      G
               +--------+--------+--------+--------+--------+-----+--------+
         Total |   2958 |   2859 |     99 |      0 |   2340 |   3 |  986.0 |
       Dungeon |   2958 |   2859 |     99 |      0 |   2340 |   3 |  986.0 |
               +--------+--------+--------+--------+--------+-----+--------+

Top non-repeatable levels by time:
     D:1: 1289 daAuts
     D:2: 1065 daAuts
     D:3: 603 daAuts
